TOP OF THE 1ST |
Quad Cities River Bandits batting - Pitching for Lake County Captains : RHP Arturo Rojas
|
Pitching: RHP Arturo Rojas
|
|
Batting: RHB Sean Mounts
|
0-0: Ball 1-0: Foul Ball, location: 2F 1-1: Ball 2-1: Called Strike 2-2: Strikes out swinging
|
Batting: LHB Glenn Lowther
|
0-0: Called Strike 0-1: Ball 1-1: Ball 2-1: Ball 3-1: Called Strike 3-2: DOUBLE (Groundball, 3L, EV 100.6 MPH)
|
Batting: LHB Daigo Ishii
|
0-0: Foul Ball, location: 2F 0-1: Swinging Strike 0-2: Hit by Pitch
|
Batting: LHB Aldo Kok
|
0-0: Ball 1-0: Called Strike 1-1: Foul Ball, location: 2F 1-2: Ball 2-2: Ball Wild Pitch! Glenn Lowther to third Daigo Ishii to second 3-2: Fly out, F8 (Line Drive, 8RM, EV 95.6 MPH)
|
Batting: RHB Alex Campos
|
0-0: Called Strike 0-1: Called Strike 0-2: Foul Ball, location: 2F 0-2: Ball 1-2: Foul Ball, location: 2F 1-2: Foul Ball, location: 2F 1-2: Foul Ball, location: 2F 1-2: Strikes out looking
|
Top of the 1st over - 0 runs, 1 hit, 0 errors, 2 left on base; Quad Cities 0 - Lake County 0 |
BOTTOM OF THE 1ST |
Lake County Captains batting - Pitching for Quad Cities River Bandits : RHP Ray Strehler
|
Pitching: RHP Ray Strehler
|
|
Batting: RHB Kenzo Shinoda
|
0-0: Ball 1-0: Ball 2-0: Called Strike 2-1: Fly out, F4 (Line Drive, 4, EV 73.1 MPH)
|
Batting: RHB Josh Patterson
|
0-0: Called Strike 0-1: Ball 1-1: Ball 2-1: Foul Ball, location: 2F 2-2: Strikes out swinging
|
Batting: RHB Anibal Casteles
|
0-0: Foul Ball, location: 2F 0-1: Fly out, F8 (Flyball, 8RD, EV 82.5 MPH)
|
Bottom of the 1st over - 0 runs, 0 hits, 0 errors, 0 left on base; Quad Cities 0 - Lake County 0 |
TOP OF THE 2ND |
Quad Cities River Bandits batting - Pitching for Lake County Captains : RHP Arturo Rojas
|
Batting: LHB Wade Girard
|
0-0: Swinging Strike 0-1: Ball 1-1: Called Strike 1-2: Strikes out looking
|
Batting: RHB Joel Vazquez
|
0-0: Ball 1-0: Called Strike 1-1: Swinging Strike 1-2: Foul Ball, location: 2F 1-2: Ball 2-2: Ball 3-2: Base on Balls
|
Batting: RHB Reginald McDougall
|
0-0: Ball 1-0: Called Strike 1-1: Ball 2-1: Ball 3-1: Fielders Choice at 2nd, 4-6 (Groundball, 4, EV 80.0 MPH)
|
Batting: RHB Tim Persson
|
0-0: Ball 1-0: Called Strike 1-1: Ball 2-1: Ground out 4-3 (Groundball, 34, EV 106.2 MPH)
|
Top of the 2nd over - 0 runs, 0 hits, 0 errors, 1 left on base; Quad Cities 0 - Lake County 0 |
BOTTOM OF THE 2ND |
Lake County Captains batting - Pitching for Quad Cities River Bandits : RHP Ray Strehler
|
Batting: LHB Jeff Palmowski
|
0-0: Called Strike 0-1: Ball 1-1: Ground out 4-3 (Groundball, 4, EV 88.8 MPH)
|
Batting: RHB Adam McMillen
|
0-0: Ball 1-0: Swinging Strike 1-1: Ball 2-1: Swinging Strike 2-2: Fly out, F8 (Flyball, 8RXD, EV 106.2 MPH)
|
Batting: LHB Aaron Caron
|
0-0: Ground out 6-3 (Groundball, 6, EV 82.5 MPH)
|
Bottom of the 2nd over - 0 runs, 0 hits, 0 errors, 0 left on base; Quad Cities 0 - Lake County 0 |
TOP OF THE 3RD |
Quad Cities River Bandits batting - Pitching for Lake County Captains : RHP Arturo Rojas
|
Batting: RHB Sean Mounts
|
0-0: Fly out, F8 (Flyball, 8RS, EV 81.9 MPH)
|
Batting: LHB Glenn Lowther
|
0-0: Called Strike 0-1: Ball 1-1: Ball 2-1: Ground out 1-3 (Groundball, 15S, EV 72.5 MPH)
|
Batting: LHB Daigo Ishii
|
0-0: Ball 1-0: Ball 2-0: Called Strike 2-1: Ground out 4-3 (Groundball, 4, EV 85.6 MPH)
|
Top of the 3rd over - 0 runs, 0 hits, 0 errors, 0 left on base; Quad Cities 0 - Lake County 0 |
BOTTOM OF THE 3RD |
Lake County Captains batting - Pitching for Quad Cities River Bandits : RHP Ray Strehler
|
Batting: LHB Brandon Hopper
|
0-0: Called Strike 0-1: Ball 1-1: Ground out 4-3 (Groundball, 4D, EV 105.0 MPH)
|
Batting: RHB Chris Diaz
|
0-0: Ball 1-0: Foul Ball, location: 2F 1-1: Called Strike 1-2: Ball 2-2: Foul Ball, location: 2F 2-2: Hit by Pitch
|
Batting: RHB Reynaldo Herrera
|
0-0: Called Strike Chris Diaz steals 2nd base (no throw) 0-1: Foul Ball, location: 2F Balk! Chris Diaz to third 0-2: Fly out, F9 (Line Drive, 9, EV 104.4 MPH) Runner from 3rd tags up, SCORES, throw by RF
|
Batting: RHB Kenzo Shinoda
|
0-0: Ball 1-0: Ball 2-0: Fly out, F7 (Flyball, 78S, EV 90.0 MPH)
|
Bottom of the 3rd over - 1 run, 0 hits, 0 errors, 0 left on base; Quad Cities 0 - Lake County 1 |
TOP OF THE 4TH |
Quad Cities River Bandits batting - Pitching for Lake County Captains : RHP Arturo Rojas
|
Batting: LHB Aldo Kok
|
0-0: Ball 1-0: Called Strike 1-1: Swinging Strike 1-2: Strikes out swinging
|
Batting: RHB Alex Campos
|
0-0: Ball 1-0: Ball 2-0: Foul Ball, location: 2F 2-1: Foul Ball, location: 2F 2-2: Foul Ball, location: 2F 2-2: Hit by Pitch
|
Batting: LHB Wade Girard
|
0-0: Swinging Strike 0-1: Fly out, F7 (Flyball, 7D, EV 93.1 MPH)
|
Batting: RHB Joel Vazquez
|
0-0: Ball 1-0: Called Strike 1-1: Ball 2-1: Ball 3-1: DOUBLE (Line Drive, 9LM, EV 99.4 MPH) Alex Campos to third Runner from 3rd tries for Home, SAFE, throw by RF to home
|
Batting: RHB Reginald McDougall
|
0-0: SINGLE (Groundball, 4S, EV 65.0 MPH) (infield hit) Joel Vazquez to third
|
Batting: RHB Tim Persson
|
0-0: Ball 1-0: Ball 2-0: SINGLE (Line Drive, 89M, EV 106.9 MPH) Joel Vazquez scores Reginald McDougall to second
|
Batting: RHB Sean Mounts
|
0-0: Ball 1-0: Called Strike 1-1: Ball 2-1: Fly out, F8 (Flyball, 8RS, EV 88.1 MPH)
|
Top of the 4th over - 2 runs, 3 hits, 0 errors, 2 left on base; Quad Cities 2 - Lake County 1 |
BOTTOM OF THE 4TH |
Lake County Captains batting - Pitching for Quad Cities River Bandits : RHP Ray Strehler
|
Batting: RHB Josh Patterson
|
0-0: Ball 1-0: Ball 2-0: Reached on error, E6 (Groundball, 6, EV 78.8 MPH)
|
Batting: RHB Anibal Casteles
|
0-0: Called Strike 0-1: Ball 1-1: SINGLE (Groundball, 34, EV 95.6 MPH) Josh Patterson to second Runner from 2nd tries for 3rd, SAFE, no throw by RF
|
Batting: LHB Jeff Palmowski
|
0-0: Ball 1-0: Foul Ball, location: 2F 1-1: Called Strike 1-2: SINGLE (Groundball, 4D, EV 101.2 MPH) Josh Patterson scores Anibal Casteles to second Runner from 2nd tries for 3rd, SAFE, no throw by CF
|
Batting: RHB Adam McMillen
|
0-0: Ball 1-0: Ball 2-0: SINGLE (Groundball, 34, EV 81.9 MPH) (infield hit) Anibal Casteles scores Jeff Palmowski to second
|
Batting: LHB Aaron Caron
|
0-0: Foul Ball, location: 2F 0-1: Fielders Choice at 2nd, 3-6 (Groundball, 34, EV 110.6 MPH) Jeff Palmowski to third
|
Batting: LHB Brandon Hopper
|
0-0: Called Strike 0-1: Fly out, F7 (Flyball, 7, EV 98.8 MPH)
|
Batting: RHB Chris Diaz
|
0-0: Ground out 4-3 (Groundball, 4, EV 84.4 MPH)
|
Bottom of the 4th over - 2 runs, 3 hits, 1 error, 2 left on base; Quad Cities 2 - Lake County 3 |
TOP OF THE 5TH |
Quad Cities River Bandits batting - Pitching for Lake County Captains : RHP Arturo Rojas
|
Batting: LHB Glenn Lowther
|
0-0: Ball 1-0: Foul Ball, location: 2F 1-1: Called Strike 1-2: Ball 2-2: Ball 3-2: Base on Balls
|
Batting: LHB Daigo Ishii
|
0-0: Called Strike Glenn Lowther steals 2nd base (no throw) 0-1: Fly out, F8 (Flyball, 8RXD, EV 105.6 MPH) Runner from 2nd tags up, SAFE at 3rd, no throw by CF
|
Batting: LHB Aldo Kok
|
0-0: Ball 1-0: Foul Ball, location: 2F 1-1: Swinging Strike 1-2: Strikes out swinging
|
Batting: RHB Alex Campos
|
0-0: Fly out, F9 (Flyball, 9D, EV 97.5 MPH)
|
Top of the 5th over - 0 runs, 0 hits, 0 errors, 1 left on base; Quad Cities 2 - Lake County 3 |
BOTTOM OF THE 5TH |
Lake County Captains batting - Pitching for Quad Cities River Bandits : RHP Ray Strehler
|
Batting: RHB Reynaldo Herrera
|
0-0: Called Strike 0-1: Swinging Strike 0-2: Ground out U3 (Groundball, 34S, EV 62.5 MPH)
|
Batting: RHB Kenzo Shinoda
|
0-0: Called Strike 0-1: Ground out 4-3 (Groundball, 4, EV 103.8 MPH)
|
Batting: RHB Josh Patterson
|
0-0: Foul Ball, location: 2F 0-1: Foul Ball, location: 2F 0-2: Foul Ball, location: 2F 0-2: Foul Ball, location: 2F 0-2: Ball 1-2: Foul Ball, location: 2F 1-2: Ball 2-2: Ground out 5-3 (Groundball, 5S, EV 66.9 MPH)
|
Bottom of the 5th over - 0 runs, 0 hits, 0 errors, 0 left on base; Quad Cities 2 - Lake County 3 |
TOP OF THE 6TH |
Quad Cities River Bandits batting - Pitching for Lake County Captains : RHP Arturo Rojas
|
Batting: LHB Wade Girard
|
0-0: Called Strike 0-1: Foul Ball, location: 2F 0-2: Strikes out swinging
|
Pitching: LHP Jose Carmona
|
|
Batting: RHB Joel Vazquez
|
0-0: Ball 1-0: Ball 2-0: SOLO HOME RUN (Flyball, 7D, EV 98.1 MPH), Distance : 388 ft
|
Batting: RHB Reginald McDougall
|
0-0: Called Strike 0-1: Ground out 4-3 (Groundball, 4MD, EV 100.0 MPH)
|
Batting: RHB Tim Persson
|
0-0: Ball 1-0: Called Strike 1-1: Foul Ball, location: 2F 1-2: Strikes out looking
|
Top of the 6th over - 1 run, 1 hit, 0 errors, 0 left on base; Quad Cities 3 - Lake County 3 |
BOTTOM OF THE 6TH |
Lake County Captains batting - Pitching for Quad Cities River Bandits : RHP Ray Strehler
|
Batting: RHB Anibal Casteles
|
0-0: Called Strike 0-1: Foul Ball, location: 2F 0-2: Ball 1-2: Ball 2-2: Foul Ball, location: 2F 2-2: Strikes out looking
|
Batting: LHB Jeff Palmowski
|
0-0: Called Strike 0-1: Swinging Strike 0-2: Ball 1-2: Strikes out swinging
|
Batting: RHB Adam McMillen
|
0-0: Called Strike 0-1: SINGLE (Groundball, 13S, EV 66.9 MPH) (infield hit)
|
Batting: LHB Aaron Caron
|
0-0: Fly out, F8 (Flyball, 8RM, EV 97.5 MPH)
|
Bottom of the 6th over - 0 runs, 1 hit, 0 errors, 1 left on base; Quad Cities 3 - Lake County 3 |
TOP OF THE 7TH |
Quad Cities River Bandits batting - Pitching for Lake County Captains : LHP Jose Carmona
|
Batting: RHB Sean Mounts
|
0-0: SINGLE (Line Drive, 6D, EV 105.6 MPH)
|
Pinch Hitting: RHB Tristan Lewis
|
0-0: Called Strike 0-1: Fielders Choice at 2nd, 4-6 (Groundball, 4, EV 80.0 MPH)
|
Batting: LHB Daigo Ishii
|
0-0: Foul Ball, location: 2F 0-1: Swinging Strike 0-2: Ball 1-2: Strikes out looking
|
Batting: LHB Aldo Kok
|
0-0: Called Strike 0-1: Ball 1-1: Foul Ball, location: 2F 1-2: Ball 2-2: Strikes out swinging
|
Top of the 7th over - 0 runs, 1 hit, 0 errors, 1 left on base; Quad Cities 3 - Lake County 3 |
BOTTOM OF THE 7TH |
Lake County Captains batting - Pitching for Quad Cities River Bandits : RHP Ray Strehler
|
Now in RF: Danny Wolver
|
|
Batting: LHB Brandon Hopper
|
0-0: Ball 1-0: Ground out 6-3 (Groundball, 6, EV 90.6 MPH)
|
Batting: RHB Chris Diaz
|
0-0: Ball 1-0: Ball 2-0: Fly out, F5 (Popup, 56S, EV 87.5 MPH)
|
Batting: RHB Reynaldo Herrera
|
0-0: Ball 1-0: Ball 2-0: Foul Ball, location: 2F 2-1: Ball 3-1: Ground out 5-3 (Groundball, 56, EV 87.5 MPH)
|
Bottom of the 7th over - 0 runs, 0 hits, 0 errors, 0 left on base; Quad Cities 3 - Lake County 3 |
TOP OF THE 8TH |
Quad Cities River Bandits batting - Pitching for Lake County Captains : LHP Jose Carmona
|
Batting: RHB Alex Campos
|
0-0: Ball 1-0: Called Strike 1-1: Ball 2-1: Foul Ball, location: 2F 2-2: Ball 3-2: Foul Ball, location: 2F 3-2: Fly out, F9 (Flyball, 89M, EV 76.9 MPH)
|
Batting: LHB Wade Girard
|
0-0: Called Strike 0-1: Ball 1-1: Ball 2-1: Swinging Strike 2-2: Ball 3-2: Base on Balls
|
Batting: RHB Joel Vazquez
|
0-0: Ball 1-0: Ball 2-0: Foul Ball, location: 2F 2-1: Foul Ball, location: 2F 2-2: Strikes out swinging
|
Batting: RHB Reginald McDougall
|
0-0: 2-RUN HOME RUN (Flyball, 7D, EV 102.5 MPH), Distance : 399 ft
|
Pitching: LHP Valentin Ciubotariu
|
|
Batting: RHB Tim Persson
|
0-0: Ball 1-0: Ball 2-0: Called Strike 2-1: Swinging Strike 2-2: Foul Ball, location: 2F 2-2: Foul Ball, location: 2F 2-2: Strikes out swinging
|
Top of the 8th over - 2 runs, 1 hit, 0 errors, 0 left on base; Quad Cities 5 - Lake County 3 |
BOTTOM OF THE 8TH |
Lake County Captains batting - Pitching for Quad Cities River Bandits : RHP Ray Strehler
|
Pitching: RHP Carlos Zavala
|
|
Pinch Hitting: LHB Vinny Carreno
|
0-0: Called Strike 0-1: Ground out 6-3 (Groundball, 6, EV 91.2 MPH)
|
Pinch Hitting: LHB Ben Rubenacker
|
0-0: Ball 1-0: Ball 2-0: Ball 3-0: Base on Balls
|
Batting: RHB Anibal Casteles
|
0-0: Ball 1-0: Called Strike 1-1: Swinging Strike 1-2: Ball 2-2: Ball 3-2: Strikes out swinging Ben Rubenacker steals 2nd base Batter strikes out.
|
Batting: LHB Jeff Palmowski
|
0-0: Ball 1-0: Swinging Strike 1-1: Ground out 6-3 (Groundball, 6, EV 106.2 MPH)
|
Bottom of the 8th over - 0 runs, 0 hits, 0 errors, 1 left on base; Quad Cities 5 - Lake County 3 |
TOP OF THE 9TH |
Quad Cities River Bandits batting - Pitching for Lake County Captains : LHP Valentin Ciubotariu
|
Now at 1B: Ben Rubenacker
|
|
Now in CF: Aaron Caron
|
|
Now in RF: Vinny Carreno
|
|
Batting: RHB Sean Mounts
|
0-0: Ball 1-0: Foul Ball, location: 2F 1-1: SINGLE (Groundball, 4M, EV 101.9 MPH) (infield hit)
|
Batting: LHB Danny Wolver
|
0-0: Ball 1-0: Foul Ball, location: 2F 1-1: Fly out, F7 (Flyball, 7D, EV 101.2 MPH)
|
Batting: LHB Daigo Ishii
|
0-0: Ball 1-0: SINGLE (Line Drive, 34D, EV 103.1 MPH) Sean Mounts to second
|
Batting: LHB Aldo Kok
|
0-0: Called Strike 0-1: SINGLE (Groundball, 4D, EV 95.6 MPH) Sean Mounts to third Daigo Ishii to second Runner from 3rd tries for Home, SAFE, throw by RF to home
|
Batting: RHB Alex Campos
|
0-0: Grounds into double play, 5-4-3 (Groundball, 5, EV 101.2 MPH)
|
Top of the 9th over - 1 run, 3 hits, 0 errors, 1 left on base; Quad Cities 6 - Lake County 3 |
BOTTOM OF THE 9TH |
Lake County Captains batting - Pitching for Quad Cities River Bandits : RHP Carlos Zavala
|
Pinch Hitting: LHB John Shults
|
0-0: Ball 1-0: DOUBLE (Flyball, 89D, EV 91.9 MPH)
|
Batting: LHB Aaron Caron
|
0-0: Ball 1-0: SINGLE (Line Drive, 89S, EV 109.4 MPH) John Shults to third
|
Batting: LHB Brandon Hopper
|
0-0: SINGLE (Flyball, 56D, EV 84.4 MPH) John Shults scores Aaron Caron to second
|
Batting: RHB Chris Diaz
|
0-0: Fly out, F7 (Flyball, 7D, EV 106.9 MPH) Runner from 2nd tags up, SAFE at 3rd, no throw by LF
|
Pinch Hitting: LHB Rich Walker
|
0-0: Called Strike 0-1: Ball 1-1: Foul Ball, location: 2F 1-2: Ball 2-2: Ball 3-2: Base on Balls Brandon Hopper to second
|
Batting: LHB Vinny Carreno
|
0-0: Called Strike 0-1: Ground out 4-3 (Groundball, 4S, EV 65.6 MPH) Aaron Caron scores Brandon Hopper to third Rich Walker to second
|
Batting: LHB Ben Rubenacker
|
0-0: Intentional Walk
|
Pinch Hitting: LHB Devon Grant
|
0-0: Called Strike 0-1: Foul Ball, location: 2F 0-2: Ball 1-2: SINGLE (Line Drive, 78S, EV 108.8 MPH) Brandon Hopper scores Rich Walker to third Ben Rubenacker to second
|
Batting: LHB Jeff Palmowski
|
0-0: Foul Ball, location: 2F 0-1: Foul Ball, location: 2F 0-2: Foul Ball, location: 2F 0-2: Ball 1-2: Foul Ball, location: 2F 1-2: Fly out, F8 (Flyball, 8LM, EV 83.1 MPH)
|
Bottom of the 9th over - 3 runs, 4 hits, 0 errors, 3 left on base; Quad Cities 6 - Lake County 6 |
TOP OF THE 10TH |
Quad Cities River Bandits batting - Pitching for Lake County Captains : LHP Valentin Ciubotariu
|
Pitching: RHP Justin Stone
|
|
Now at C: Rich Walker
|
|
Now at 2B: Steve Gusman
|
|
Now at SS: John Bianconi
|
|
Batting: LHB Wade Girard
|
0-0: Called Strike 0-1: Swinging Strike 0-2: Ball 1-2: Ball 2-2: Foul Ball, location: 2F 2-2: Foul Ball, location: 2F 2-2: Ball 3-2: Ground out U3 (Groundball, 3, EV 103.1 MPH)
|
Pinch Hitting: LHB Kelvin Jones
|
0-0: Foul Ball, location: 2F 0-1: Hit by Pitch
|
Pinch Hitting: LHB Bruce Arvizu
|
0-0: Ball Kelvin Jones steals 2nd base 1-0: Intentional Walk
|
Batting: RHB Tim Persson
|
0-0: Called Strike 0-1: Fielders Choice at 2nd, 4-6 (Groundball, 4, EV 88.8 MPH) Kelvin Jones to third
|
Batting: RHB Sean Mounts
|
0-0: Foul Ball, location: 2F 0-1: Ball 1-1: Ball 2-1: Ball 3-1: Base on Balls Tim Persson to second
|
Batting: LHB Danny Wolver
|
0-0: Foul Ball, location: 2F 0-1: Called Strike 0-2: Strikes out swinging
|
Top of the 10th over - 0 runs, 0 hits, 0 errors, 3 left on base; Quad Cities 6 - Lake County 6 |
BOTTOM OF THE 10TH |
Lake County Captains batting - Pitching for Quad Cities River Bandits : RHP Carlos Zavala
|
Now at 3B: Sean Mounts
|
|
Now at SS: Fernando Gomez
|
|
Now in CF: Mike Staley
|
|
Batting: RHB Steve Gusman
|
0-0: Ball 1-0: SINGLE (Groundball, 4MD, EV 95.6 MPH)
|
Batting: LHB Aaron Caron
|
0-0: Ball 1-0: Called Strike Steve Gusman steals 2nd base 1-1: Foul Ball, location: 2F 1-2: Foul Ball, location: 2F 1-2: Ball 2-2: Foul Ball, location: 2F 2-2: Foul Ball, location: 2F 2-2: Foul Ball, location: 2F 2-2: SINGLE (Groundball, 56D, EV 96.2 MPH) Steve Gusman to third
|
Batting: LHB Brandon Hopper
|
0-0: Called Strike Pickoff Throw to First - Out! 1-3 0-1: Ball 1-1: Intentional Walk
|
Batting: RHB Chris Diaz
|
0-0: Ball 1-0: Ball 2-0: Called Strike 2-1: Swinging Strike 2-2: Ball 3-2: Foul Ball, location: 2F 3-2: Foul Ball, location: 2F 3-2: Foul Ball, location: 2F 3-2: Base on Balls Brandon Hopper to second
|
Pitching: RHP Lee Wright
|
|
Batting: LHB Rich Walker
|
0-0: Ball 1-0: SINGLE (Line Drive, 56D, EV 106.2 MPH) Steve Gusman scores
|
Bottom of the 10th over - 1 run, 3 hits, 0 errors, 2 left on base; Quad Cities 6 - Lake County 7 |
|